AoeStats
← UnknøwnPlayer

Highland

505364618Analyzed
4v4 RM · 22d ago on Sep 9, 2026· 27m 56s· 8 players
Game mode
Random Map
Map size
Large (8 player)
Population
200
Speed
Normal
Resources
Standard
Victory
Conquest
Starting age
Dark Age
Ending age
Imperial Age
RankedLock teamsTeams togetherTeam positionsShared explorationLock speedFull tech treeHidden civsTurbo modeCheats
Victory
Defeat
🇨🇱 Vietnamese · Chile
1115
+20
🇨🇱 Mapuche · Chile
1015
+10
🇨🇱 Franks · Chile
875
+16
🇨🇱 Magyars · Chile
557
+27
🇵🇪 Teutons · Peru
904
-16
🇺🇸 Sicilians · United States
899
-16
🇵🇪 Khmer · Peru
881
-16
🇵🇪 Burgundians · Peru
802
-12
alavin alaban
12:52 Feudal Age
14:39 Double-Bit Axe
17:19 Castle Age
15:36 Horse Collar
19:41 Wheelbarrow
18:52 Loom
26:27 Padded Archer Armor
26:21 Fletching
27:15 Gold Mining
CyberNinjaX
1:57 Loom
11:12 Feudal Age
15:06 Wheelbarrow
19:29 Castle Age
19:28 Double-Bit Axe
22:17 Hand Cart
23:20 Bow Saw
22:55 Horse Collar
25:04 Heavy Plow
26:43 Bloodlines
27:28 Forging
28:05 Stone Mining
28:08 Gold Mining
.:sTeeL:.
5:45 Loom
12:42 Feudal Age
13:37 Horse Collar
13:45 Double-Bit Axe
14:38 Wheelbarrow
16:54 Gold Mining
16:55 Stone Mining
21:42 Castle Age
20:11 Fletching
24:02 Light Cavalry
24:55 Bloodlines
24:48 Husbandry
25:13 Heavy Plow
26:58 Forging
26:50 Scale Mail Armor
27:00 Scale Barding Armor
PlyerX
3:52 Wheelbarrow
12:04 Feudal Age
11:47 Horse Collar
12:10 Double-Bit Axe
13:05 Hand Cart
16:59 Loom
UnknøwnPlayer
6:00 Loom
8:43 Feudal Age
9:16 Double-Bit Axe
13:52 Fletching
18:28 Town Watch
20:04 Wheelbarrow
22:51 Castle Age
22:45 Padded Archer Armor
23:03 Crossbowman
23:40 Bodkin Arrow
24:00 Bow Saw
24:09 Leather Archer Armor
24:00 Scale Barding Armor
23:48 Gold Mining
24:37 Hand Cart
26:14 Ballistics
27:53 Horse Collar
wowmiqui
2:37 Loom
11:06 Feudal Age
12:01 Double-Bit Axe
20:26 Castle Age
19:23 Forging
19:39 Gold Mining
22:16 Scale Barding Armor
23:35 Husbandry
25:08 Bow Saw
PNAL | Kush
5:42 Loom
12:19 Feudal Age
19:04 Castle Age
19:01 Double-Bit Axe
19:07 Horse Collar
20:55 Bow Saw
24:11 Wheelbarrow
25:25 Fletching
27:59 Bodkin Arrow
floresmonserratpaz
5:23 Loom
11:13 Feudal Age
21:10 Castle Age
23:43 Husbandry
Connection lost

Rejoining the realm…

Still unreachable

The connection could not be restored.

Session expired

The server has moved on; the page needs a fresh start.